 Dungeon Crawl Stone Soup version 0.30-a0-996-ga6910c8ee8 (webtiles) character file.

Game seed: 4166882655031402852

240 jimonade the Magician (level 6, -7/41 HPs)
             Began as a Djinni Fire Elementalist on Apr 4, 2023.
             Mangled by a gnoll
             ... wielding a +0 flail
             ... led by a gnoll bouda
              (8 damage)
             ... on level 4 of the Dungeon.
             The game lasted 00:08:15 (3805 turns).

jimonade the Magician (Djinni Fire Elementalist)    Turns: 3805, Time: 00:08:15

Health: -7/41      AC:  7    Str: 14    XL:     6   Next: 30%
Gold:   82         EV:  9    Int: 22    God:
                   SH:  0    Dex: 14

rFire   + + .      SeeInvis +    a - +1 whip of Malaise {flame, *Rage Str+5 SInv}
rCold   x . .      Faith    .    (no shield)
rNeg    . . .      Spirit   .    g - +1 scale mail
rPois   ∞          Reflect  .    (no helmet)
rElec   .          Rampage  .    (no cloak)
rCorr   .          Rage     20%  (no gloves)
Will    .....                    (boots unavailable) Stlth
                                 (no amulet)
HPRegen 0.26/turn                c - +6 ring of intelligence
MPRegen 0.00/turn                (no ring)

@: weakened, flying
A: sickness immunity, fire resistance 2, cold vulnerability 1, float, innate
caster, HP casting, extra vitality 1
a: no special abilities


You were on level 4 of the Dungeon.
You visited 1 branch of the dungeon, and saw 4 of its levels.
You also visited: Sewer.

You collected 82 gold pieces.

Inventory:

Hand Weapons
 a - the +1 whip of Malaise (weapon) {flame, *Rage Str+5 SInv}
   (You found it on level 3 of the Dungeon)

   Str:       It affects your strength (+5).
   SInv:      It lets you see invisible.
   *Rage:     It berserks you when you make melee attacks (+20% chance).
 e - a +0 long sword
 p - a +0 whip
Armour
 f - a +0 robe
 g - a +1 scale mail (worn)
 h - a +0 leather armour
 m - a +0 plate armour
Jewellery
 c - a +6 ring of intelligence (left hand)
Wands
 o - a wand of charming (6)
Scrolls
 j - 2 scrolls of enchant armour
 k - 4 scrolls of teleportation
 n - 3 scrolls of identify
 q - a scroll of fog {unknown}
Potions
 b - a potion of lignification
 d - a potion of mutation
 i - a potion of attraction {unknown}
 l - a potion of degeneration {unknown}
 r - 2 potions of curing {unknown}
 s - a potion of resistance {unknown}
 t - 2 potions of heal wounds {unknown}


   Skills:
 + Level 0.7 Fighting
 + Level 1.2 Maces & Flails
 + Level 0.3 Armour
 + Level 2.4 Dodging
 - Level 1.5 Stealth
 + Level 4.7 Spellcasting


You knew the following spells:

 Your Spells              Type           Power      Damage    Failure   Level
a - Foxfire               Conj/Fire      100%       2x1d9     7%          1
b - Scorch                Fire           50%        2d7       11%         2
c - Kindle Blastsparks    Fire/Tloc/Air  50%        2d14      21%         3
d - Inner Flame           Hex/Fire       25%        N/A       21%         3
e - Flame Wave            Conj/Fire      25%        2d8       56%         4
f - Slow                  Hex            100%       N/A       7%          1
g - Passwall              Tmut/Erth      20%        N/A       11%         2
Your spell library was empty.

Dungeon Overview and Level Annotations

Branches:
Dungeon (4/15)             Temple (0/1) D:4           Sewer (visited)

Altars:
The Shining One

Annotations:
D:2 1 runed translucent door, Crazy Yiuf


Innate Abilities, Weirdness & Mutations

You are immune to sickness and miasma.
You are immune to poison.
Your flesh is very heat resistant. (rF++)
You are vulnerable to cold. (rC-)
You float through the air rather than walking.
You learn spells naturally, not from books.
Your magical power is your life essence.
You have superior vitality. (+4 MHP)


Message History

Your attacks no longer feel as feeble.
The gnoll hits you but does no damage.
You struggle against the net.
The gnoll hits you with a +0 flail. The gnoll closely misses you.
You are held in a net!
You are held in a net!
You are held in a net!
You rip the net and break free!
The gnoll bouda splashes around in the water.
The gnoll hits you with a +0 flail.
The gnoll hits you from afar with a +0 halberd!
The gnoll hits you with a +0 club.
You hit the gnoll but do no damage.
The gnoll hits you from afar with a +0 halberd!
* * * LOW HITPOINT WARNING * * *
You are too injured to fight recklessly!
You are too injured to fight recklessly!
You are too injured to fight recklessly!
There is a collapsed entrance here.
The gnoll is no longer moving quickly.
The gnoll bouda barks out a call to the hunt!
The gnoll picks up the pace!
The gnoll hits you with a +0 club.
* * * LOW HITPOINT WARNING * * *
The gnoll is no longer moving quickly.
The adder attacks as you move away! The adder bites you.
* * * LOW HITPOINT WARNING * * *
The gnoll attacks as you move away! The gnoll hits you but does no damage.
The gnoll is no longer moving quickly.
The gnoll hits you but does no damage. The gnoll attacks as you move away!
The gnoll closely misses you.
The gnoll is no longer moving quickly.
The gnoll hits you with a +0 flail!
* * * LOW HITPOINT WARNING * * *
The gnoll bouda gazes fiercely through you!
You feel your attacks grow feeble.
The gnoll is no longer moving quickly.
The gnoll attacks as you move away! The gnoll hits you but does no damage.
The gnoll bouda barks out a call to the hunt!
The gnolls pick up the pace!
The gnoll hits you with a +0 flail!
You die...

#........##..
#.##...#.##.#
#.##...#.##.#
#.######.##.#
#.# #.##.#
######.#
#.##.#
##......#
#.##.#
...######
#..>.#### ##.#
###@....# #.#
#g###.#
##.##### #S#
#.# .......#
#.# #.#
.......#
####g###.##
######.#
#...g.....# #
##...g.....#
.....#.#
###....~g÷...#
.....#.#
......~~g~~..#


You could see a gnoll bouda, 4 gnolls and an adder.

Vanquished Creatures
  A hound (D:4)
  A jelly (Sewer)
  4 adders
  2 river rats
  A worm (D:2)
  5 dart slugs
  7 orcs
  20 endoplasms
  5 giant cockroaches
  6 goblins
  A hobgoblin (D:2)
  10 jackals
  4 quokkas
  7 ball pythons
  5 bats
  10 frilled lizards
  3 kobolds
  8 rats
100 creatures vanquished.

Vanquished Creatures (others)
  224 foxfires
224 creatures vanquished.

Grand Total: 324 creatures vanquished

Notes
Turn   | Place    | Note
-------+----------+-------------------------------------------
     0 | D:1      | jimonade the Djinni Fire Elementalist began the quest for
                  | the Orb.
     0 | D:1      | jimonade set off with the following spells memorised:
                  | Foxfire, Scorch, Kindle Blastsparks, Inner Flame, Flame
                  | Wave.
     0 | D:1      | Reached XP level 1. HP: 15/15 MP: 0/0
   128 | D:1      | Found a faded altar of an unknown god.
   321 | D:1      | Reached XP level 2. HP: 19/21 MP: 0/0
   417 | D:1      | Reached skill level 3 in Spellcasting
  1031 | D:2      | Reached XP level 3. HP: 22/25 MP: 0/0
  1031 | D:2      | Learned a level 1 spell: Slow
  1396 | D:2      | Reached XP level 4. HP: 27/31 MP: 0/0
  1449 | D:2      | Found a runed translucent door.
  1450 | D:2      | Noticed Crazy Yiuf
  2350 | D:3      | Reached skill level 4 in Spellcasting
  2506 | D:3      | Reached XP level 5. HP: 33/35 MP: 0/0
  2506 | D:3      | Learned a level 2 spell: Passwall
  2709 | D:3      | Identified the +1 whip of Malaise {flame, *Rage Str+5 SInv}
  2996 | D:4      | Found a staircase to the Ecumenical Temple.
  3080 | D:4      | Found a glowing golden altar of the Shining One.
  3162 | D:4      | Found a glowing drain.
  3181 | Sewer    | Entered a sewer
  3412 | Sewer    | Reached XP level 6. HP: 26/40 MP: 0/0
  3458 | Sewer    | Reached skill level 1 in Maces & Flails
  3629 | Sewer    | Found a viscous altar of Jiyva.
  3802 | D:4      | HP: 1/41 [gnoll/+0 flail[a gnoll bouda] (8)]
  3805 | D:4      | Mangled by a gnoll

Illustrated notes

Levels and vault maps discovered:
D:1:      onia_arrival_pyramid, layout_basic,
          hellmonk_ecumenical_altar_heavens_door
D:2:      layout_loops_corners, uniq_crazy_yiuf_cottage
D:3:      layout_basic, grunt_ministairs_9
D:4:      layout_loops_ring, lemuel_tele_altar, minmay_temple_entry_trees,
          portal_sewer_entry_a

Skill      XL: |  1  2  3  4  5  6 |
---------------+-------------------+-----
Spellcasting   | 3 4 |  4.7
Maces & Flails | 1 |  1.2
Fighting       | |  0.7
Armour         | |  0.3
Dodging        | |  2.4
Stealth        | |  1.5

Action                     |  1- 3 |  4- 6 || total
---------------------------+-------+-------++-------
  Melee: Whip              |    11 |    93 ||   104
   Cast: Foxfire           |    71 |    64 ||   135
    Use: Scroll            |       |     6 ||     6
   Stab: Sleeping          |       |     1 ||     1
 Armour: Robe              |     3 |    14 ||    17
         Scale mail        |       |    45 ||    45
  Dodge: Dodged            |    17 |    47 ||    64

Table legend: (Time is in decaauts)
 A = Elapsed time spent in this place.
 B = Non-inter-level travel time spent in this place.
 C = Inter-level travel time spent in this place.
 D = Time resting spent in this place.
 E = Time spent auto-exploring this place.
 F = Levels seen in this place.
 G = Mean time per level.
                   A        B        C        D        E       F      G
               +--------+--------+--------+--------+--------+-----+--------+
         Total |   3884 |   3741 |    143 |    453 |   2267 |   5 |  776.8 |
       Dungeon |   3217 |   3074 |    143 |     93 |   2191 |   4 |  804.2 |
         Sewer |    667 |    667 |      0 |    360 |     76 |   1 |  667.0 |
               +--------+--------+--------+--------+--------+-----+--------+

Top non-repeatable levels by time:
     D:2: 1206 daAuts
     D:1: 860 daAuts
     D:3: 816 daAuts
   Sewer: 667 daAuts
     D:4: 334 daAuts
